 Dungeon Crawl Stone Soup version 0.30-a0-1075-gcd70e7a56d (webtiles) character file.

Game seed: 16633908370947902227

428 Newt the Shooter (level 7, -1/39 HPs)
             Began as a Kobold Hunter on Apr 14, 2023.
             Was a Follower of Hepliaklqana.
             Slain by Duvessa
             ... wielding a +0 short sword of speed
              (5 damage)
             ... on level 4 of the Dungeon.
             The game lasted 00:03:11 (2716 turns).

Newt the Shooter (Kobold Hunter)                    Turns: 2716, Time: 00:03:12

Health: -1/39      AC:  3    Str:  9    XL:     7   Next: 18%
Magic:  7/7        EV: 14    Int: 10    God:    Hepliaklqana [*.....]
Gold:   226        SH:  4    Dex: 20    Spells: 6/6 levels left

rFire   . . .      SeeInvis .    f - +5 long sword "Glorpo" {pain, *Rage rPois rCorr}
rCold   . . .      Faith    .    m - +0 buckler
rNeg    . . .      Spirit   .    c - +0 leather armour
rPois   +          Reflect  .    (no helmet)
rElec   .          Rampage  .    (no cloak)
rCorr   +          Rage     20%  (no gloves)
Will    .....                    (no boots)
Stlth   +++                      (no amulet)
HPRegen 0.26/turn                (no ring)
MPRegen 0.10/turn                (no ring)

@: on berserk cooldown, slowed, invisible, very slow
A: reduced essence, small, no large weapons, nightstalker 3
a: Renounce Religion, Recall Ancestor, Ancestor Identity


You were on level 4 of the Dungeon.
You worshipped Hepliaklqana.
Hepliaklqana was aware of your devotion.
You visited 1 branch of the dungeon, and saw 4 of its levels.

You collected 226 gold pieces.

Inventory:

Hand Weapons
 a - a +0 shortbow
 f - the +5 long sword "Glorpo" (weapon) {pain, *Rage rPois rCorr}
   (You found it on level 2 of the Dungeon)

   rPois:     It protects you from poison.
   *Rage:     It berserks you when you make melee attacks (+20% chance).
   rCorr:     It protects you from acid and corrosion.
Armour
 c - a +0 leather armour (worn)
 m - a +0 buckler (worn)
Scrolls
 b - a scroll of immolation
 h - a scroll of identify
Potions
 d - a potion of resistance
 g - a potion of heal wounds
 i - 4 potions of curing
 j - a potion of haste
 k - a potion of brilliance {unknown}
 l - a potion of ambrosia


   Skills:
 - Level 5.0 Fighting
 + Level 4.4 Long Blades
 - Level 5.3 Ranged Weapons
 - Level 2.4 Dodging
 - Level 1.3 Stealth


You had 6 spell levels left.
You didn't know any spells.
Your spell library contained the following spells:

 Spells                   Type           Power      Damage    Failure   Level
 Kiss of Death            Conj/Necr      0%         2d5       63%         1
 Necrotise                Necr           0%         1d4       63%         1
 Confusing Touch          Hex            0%         N/A       94%         3
 Vampiric Draining        Necr           0%         2d6       94%         3
 Dispel Undead            Necr           0%         3d6       100%        4
 Agony                    Necr           0%         N/A       100%        5


Dungeon Overview and Level Annotations

Branches:
Dungeon (4/15)
 Temple: D:4-7

Altars:
Dithmenos
Hepliaklqana
Okawaru
Qazlal

Annotations:
D:4 Duvessa


Innate Abilities, Weirdness & Mutations

Your life essence is reduced to manifest your ancestor. (-10% HP)
You are small and have problems with some larger weapons.
You are completely attuned to the shadows.


Message History

Unknown command.
You swap places.
Duvessa hits Bozena with a +0 short sword of speed. x2
Unknown command.
You are too berserk!
You swap places.
You feel a strong urge to attack something.
Duvessa hits you but does no damage.
Duvessa hits you with a +0 short sword of speed!
* * * LOW HITPOINT WARNING * * *
There is an open door, spattered with blood here.
You slash Duvessa!
Duvessa is heavily wounded.
You are no longer berserk.
You are exhausted.
You feel yourself slow down. You block Duvessa's attack.
You swap places.
Duvessa hits Bozena with a +0 short sword of speed.
Bozena is destroyed!
Duvessa barely misses you.
You feel much better. You block Duvessa's attack. Duvessa closely misses you.
Duvessa barely misses you.
You fade into invisibility!
Duvessa hits you with a +0 short sword of speed!
Duvessa closely misses you.
Duvessa hits you with a +0 short sword of speed!
* * * LOW HITPOINT WARNING * * *
You block Duvessa's attack.
You hear an angry hiss.
Okay, then.
Duvessa rages.
You catch the helpless Duvessa completely off-guard!
You hit Duvessa.
Duvessa is heavily wounded.
Duvessa hits you with a +0 short sword of speed.
* * * LOW HITPOINT WARNING * * *
Duvessa barely misses you. Duvessa completely misses you.
Duvessa barely misses you.
Duvessa hits you with a +0 short sword of speed.
You die...

.. .# ###
###'###'###+###.:
#..#.......#.@#.#
.###.|#.......#e.#.#
...'..'###'###').'.#
#..#..#.'...'.#..#)#
#.#..#.#...#.#..#.#
#.)##†.#._.#.'##+.#
#.#..#.#...#.#.. .#
#.#.†#.'...'.#..
#.+..'###'###


You could see Duvessa (berserk, unable to see you).

Vanquished Creatures
  Grinder (D:3)
  Dowan (D:4)
  Jessica (D:3)
  An orc wizard (D:3)
  4 gnolls (D:2)
  An adder (D:3)
  A white imp (D:4)
  A worm (D:2)
  5 orcs (D:3)
  7 bats
  6 endoplasms
  5 giant cockroaches
  2 goblins
  9 hobgoblins
  3 jackals (D:1)
  3 kobolds
  5 quokkas
  6 ball pythons
  2 frilled lizards (D:3)
  A rat (D:2)
65 creatures vanquished.

Vanquished Creatures (others)
  An ancestor (D:4)
1 creature vanquished.

Grand Total: 66 creatures vanquished

Notes
Turn   | Place    | Note
-------+----------+-------------------------------------------
     0 | D:1      | Newt the Kobold Hunter began the quest for the Orb.
     0 | D:1      | Reached XP level 1. HP: 12/12 MP: 1/1
   127 | D:1      | Reached XP level 2. HP: 18/18 MP: 2/2
   240 | D:1      | Reached XP level 3. HP: 22/23 MP: 3/3
   934 | D:2      | HP: 1/24 [gnoll/+0 spear (7)]
   951 | D:2      | Reached XP level 4. HP: 30/30 MP: 4/4
  1025 | D:2      | Found an iron altar of Okawaru.
  1077 | D:2      | Identified the +5 long sword "Glorpo" {pain, *Rage rPois
                  | rCorr}
  1678 | D:3      | Noticed Grinder
  1681 | D:3      | Reached skill level 5 in Fighting
  1685 | D:3      | Reached skill level 1 in Long Blades
  1685 | D:3      | Reached XP level 5. HP: 28/35 MP: 5/5
  1695 | D:3      | Killed Grinder
  1696 | D:3      | Reached XP level 6. HP: 26/40 MP: 6/6
  1798 | D:3      | Noticed Jessica
  1805 | D:3      | Killed Jessica
  1902 | D:3      | Reached XP level 7. HP: 44/44 MP: 7/7
  1927 | D:3      | Found a hazy altar of Hepliaklqana.
  1928 | D:3      | Found a shadowy altar of Dithmenos.
  1928 | D:3      | Noticed a shadow
  1933 | D:3      | Became a worshipper of Hepliaklqana the Forgotten
  2661 | D:4      | Found a stormy altar of Qazlal.
  2676 | D:4      | Reached * piety under Hepliaklqana
  2677 | D:4      | Identified the staff of poison "Zodib" {+Blink rPois Str+4
                  | Stlth+}
  2693 | D:4      | Noticed Duvessa
  2694 | D:4      | Noticed Dowan
  2705 | D:4      | Killed Dowan
  2716 | D:4      | Slain by Duvessa

Illustrated notes

Levels and vault maps discovered:
D:1:      reono_arrival_forest_river, layout_basic
D:2:      layout_loops_ring, basic_altar, dk_vineyard_1
D:3:      layout_rooms, riverfiend_overflow_shadow_ancestor, uniq_jessica,
          uniq_grinder
D:4:      layout_basic, nemelex_altar_shiori, mainiacjoe_overflow_24_doors,
          hangedman_decor_lopped, minmay_circle_x, uniq_pikel, uniq_duvessa,
          uniq_crazy_yiuf_cottage

Skill      XL: |  1  2  3  4  5  6 |
---------------+-------------------+-----
Fighting       | 3 4 5 |  5.0
Long Blades    | 1 3 4 |  4.4
Ranged Weapons | |  5.3
Dodging        | |  2.4
Stealth        | |  1.3

Action                     |  1- 3 |  4- 6 |  7- 9 || total
---------------------------+-------+-------+-------++-------
  Melee: Long sword        |       |    41 |    38 ||    79
   Fire: Shortbow          |    62 |    10 |       ||    72
    Use: Potion            |     2 |     1 |     2 ||     5
         Scroll            |       |     5 |     4 ||     9
   Stab: Sleeping          |       |     1 |     5 ||     6
         Invisible         |       |       |     1 ||     1
 Armour: Leather armour    |     9 |     7 |     5 ||    21
  Dodge: Dodged            |    30 |    41 |    22 ||    93
  Block: Buckler           |       |    10 |    14 ||    24

Table legend: (Time is in decaauts)
 A = Elapsed time spent in this place.
 B = Non-inter-level travel time spent in this place.
 C = Inter-level travel time spent in this place.
 D = Time resting spent in this place.
 E = Time spent auto-exploring this place.
 F = Levels seen in this place.
 G = Mean time per level.
                   A        B        C        D        E       F      G
               +--------+--------+--------+--------+--------+-----+--------+
         Total |   2795 |   2724 |     71 |    135 |   2193 |   4 |  698.8 |
       Dungeon |   2795 |   2724 |     71 |    135 |   2193 |   4 |  698.8 |
               +--------+--------+--------+--------+--------+-----+--------+

Top non-repeatable levels by time:
     D:1: 868 daAuts
     D:2: 845 daAuts
     D:3: 771 daAuts
     D:4: 309 daAuts
